[Event "Early-Titled-Tuesday-Blitz-June-18-2024"]
[Site "Chess.com"]
[Date "2024.06.18"]
[Round "7"]
[White "Rud_Makarian"]
[Black "KuzubovYuriy"]
[Result "1-0"]
[WhiteElo "3070"]
[BlackElo "2873"]
[TimeControl "180+1"]
[EndTime "9:21:42 PDT"]
[Termination "Rud_Makarian won by checkmate"]

1. e4 c5 2. Nf3 Nc6 3. d4 cxd4 4. Nxd4 g6 5. c4 Nf6 6. Nc3 d6 7. Be2 Bg7 8. Be3 O-O 9. O-O Nxd4 10. Bxd4 Bd7 11.
f3 a5 12. b3 Bc6 13. Qd2 Nd7 14. Be3 Nc5 15. Rad1 Qb6 16. Nb5 Rfc8 17. Kh1 Qd8 18.
Rfe1 Bf6 19. Bf1 Qf8 20. Nd4 Bg7 21. Nxc6 Rxc6 22. g3 Qd8 23. Bg2 Qb6 24. f4 Rcc8 25.
h4 Qb4 26. Re2 Qxd2 27. Rdxd2 Rab8 28. Rd5 a4 29. Bxc5 Rxc5 30. Rxc5 dxc5 31. e5 axb3 32. axb3 b5 33. cxb5 Rxb5 34. Bd5 e6 35. Bc4 Ra5 36. Rd2 Bf8 37. Rd7 h5 38. Kg2 Ra1 39. Bb5 Rb1 40.
Rc7 Rb2+ 41. Kh3 Rxb3 42. Be8 Bh6 43. Bxf7+ Kh8 44. Bxe6 Rc3 45. Kg2 Rc2+ 46. Kf1 Rc3 47. Kf2 Rc2+ 48. Kf3 Rc3+ 49. Ke4 Rxg3 50. Rf7 c4 51.
Bxc4 Rc3 52. Kd4 Ra3 53. e6 Bg7+ 54. Ke4 Ra4 55. Kd5 Ra5+ 56. Kc6 Ra4 57. Bd5 Ra6+ 58. Kb5 Rd6 59. e7 Rxd5+ 60. Kc6 Kg8 61. e8=Q+ Kh7 62. Kxd5 g5 63. Qe4+ Kg8 64. Qg6 gxf4 65. Qxg7# 1-0

[Event "Early-Titled-Tuesday-Blitz-June-18-2024"]
[Site "Chess.com"]
[Date "2024.06.18"]
[Round "7"]
[White "Senn71"]
[Black "AmbartsumianTyhran2012"]
[Result "1/2-1/2"]
[WhiteElo "2347"]
[BlackElo "2504"]
[TimeControl "180+1"]
[EndTime "9:21:44 PDT"]
[Termination "Game drawn - insufficient material"]

1. e4 d5 2. exd5 Qxd5 3. Nc3 Qe5+ 4. Be2 Bg4 5. d4 Bxe2 6. Ngxe2 Qa5 7. O-O Nf6 8. Bf4 e6 9. Re1 Na6 10. Qd3 O-O-O 11.
a3 Bd6 12. Nb5 Bxf4 13. Nxf4 Qb6 14. c4 c6 15. Nc3 Qxd4 16. Qg3 g5 17. Nfe2 Qh4 18.
Qf3 g4 19. Qf4 Rhg8 20. b4 Qg5 21. b5 Qxf4 22. Nxf4 Nc5 23. bxc6 bxc6 24. Rab1 Nd3 25. Nxd3 Rxd3 26. Ne2 Rgd8 27. a4 h5 28. g3 Kc7 29.
Rb2 Rd1 30. Kf1 Ne4 31. Nf4 Nd2+ 32. Ke2 Rxe1+ 33. Kxe1 Nf3+ 34. Ke2 Nxh2 35. Nxh5 Nf3 36. Nf4 e5 37. Nd3 f5 38. c5 Ng1+ 39. Ke3 Nf3 40. a5 e4 41. Nf4 Rd1 42. Ne6+ Kd7 43. Ng7 Rd5 44. Rb7+ Kc8 45. Rxa7 Rxc5 46. Kf4 Nd4 47. a6 Kb8 48. Rf7 Ra5 49. Nxf5 Nxf5 50. Rxf5 Rxa6 51. Kxg4 Ra2 52. Rf4 Kc7 53. Rxe4 Rxf2 54. Kg5 c5 55. g4 Kd6 56. Kg6 Kd5 57. Re8 c4 58. g5 c3 59. Kg7 Rf4 60. Rd8+ Ke4 61. Rd1 c2 62. Rc1 Kd3 63. g6 Kd2 64. Rxc2+ Kxc2 65. Kh7 Rh4+ 66. Kg8 Kd3 67. g7 Ke4 68.
Kf8 Rf4+ 69. Ke8 Rg4 70. Kf8 Rf4+ 71. Ke8 Kf3 72. g8=Q Re4+ 73. Kf7 Rg4 74. Qxg4+ Kxg4 1/2-1/2

[Event "Early-Titled-Tuesday-Blitz-June-18-2024"]
[Site "Chess.com"]
[Date "2024.06.18"]
[Round "7"]
[White "ChessLover0108"]
[Black "CSB7"]
[Result "1-0"]
[WhiteElo "2922"]
[BlackElo "2760"]
[TimeControl "180+1"]
[EndTime "9:21:45 PDT"]
[Termination "ChessLover0108 won by resignation"]

1. d4 d5 2. c4 c6 3. Nf3 Nf6 4. Nc3 dxc4 5. a4 Bf5 6. Ne5 e6 7.
Nxc4 c5 8. dxc5 Qxd1+ 9. Kxd1 Bxc5 10. f3 Nc6 11. e4 Bg6 12. Be3 Bxe3 13. Nxe3 Ke7 14.
Ke1 Nd7 15. a5 Nc5 16. Kf2 f6 17. Be2 Rhd8 18. Rhd1 Be8 19. Rab1 Nb3 20. a6 bxa6 21. Bxa6 Nc5 22. Bb5 Rxd1 23. Nexd1 Rb8 24. Bxc6 Bxc6 25.
Ke3 a5 26. Nf2 a4 27. Nd3 Nxd3 28. Kxd3 Bd7 29. Kc2 Rc8 30. Rd1 Rc7 31. Rd4 Ra7 32.
Kb1 Ra5 33. Ka2 Rh5 34. h3 Rg5 35. Rd2 h5 36. Ka3 Ra5 37. Rd4 h4 38. Rd2 Ra7 39.
f4 Ra5 40. Rd4 e5 41. Nd5+ Kf7 42. fxe5 fxe5 43. Rc4 Be6 44. Rc7+ Kf8 45. Nc3 Bb3 46.
Rc8+ Kf7 47. Rc7+ Kf8 48. Kb4 Ra8 49. Rc5 Rb8+ 50. Ka3 Bf7 51. Rxe5 Rb3+ 52. Kxa4 Rxb2 53. Rg5 Rb3 54. Nb5 Rb2 55. Nd6 Be6 56. e5 Ra2+ 57.
Kb4 Rc2 58. Kb5 Re2 59. Kc5 Rc2+ 60. Kd4 Re2 61. Kd3 Ra2 62. Ke3 Ra3+ 63. Kf2 Ra2+ 64. Kg1 Re2 65. Kf1 Ra2 66. Rg6 Ra1+ 67. Kf2 Ra2+ 68.
Kg1 Bd5 69. Rg4 Re2 70. Rg5 Ra2 71. Nf5 Re2 72. Nxh4 Kf7 73. Ng6 Ke6 74. Nf4+ 1-0

[Event "Early-Titled-Tuesday-Blitz-June-18-2024"]
[Site "Chess.com"]
[Date "2024.06.18"]
[Round "7"]
[White "LangesNasenhaar"]
[Black "TheAlienParty"]
[Result "1-0"]
[WhiteElo "2489"]
[BlackElo "2329"]
[TimeControl "180+1"]
[EndTime "9:21:47 PDT"]
[Termination "LangesNasenhaar won on time"]

1. Nf3 Nf6 2. e3 d5 3. c4 c6 4. b3 Bf5 5. Bb2 e6 6. Nc3 Nbd7 7. d4 h6 8. Bd3 Ne4 9. Qc2 Ndf6 10. O-O Bd6 11.
Ne5 Rc8 12. f4 a6 13. c5 Be7 14. h3 h5 15. b4 h4 16. a4 Rg8 17. Nf3 Nh5 18. Nxe4 dxe4 19. Bxe4 Bxe4 20. Qxe4 Ng3 21. Qh7 Kd7 22. Ne5+ Kc7 23. Nxf7 Qd5 24. Rf2 Kb8 25. Qg6 Bf6 26. b5 Qb3 27. bxa6 Qxe3 28. axb7 Rc7 29. Nd6 Bxd4 30. Bxd4 Qxd4 31. Re1 Qxc5 32. Qxe6 Rd8 33.
Ne4 Nxe4 34. Qxe4 Rxb7 35. Qe5+ Qd6 36. Qxd6+ Rxd6 37. f5 Rb4 38. Rfe2 Rxa4 39. Re4 Ra2 40. Rxh4 c5 41. Rg4 Rd7 42. Rc1 Rc7 43. Kh2 Ra6 44. Rgc4 Rac6 45. g4 Kb7 46. Kg3 Kb6 47. Kf4 Kb5 48. Kg5 Rd6 49. h4 Rcc6 50. R4c2 c4 51. h5 Kb4 52. Rb1+ Kc5 53. Rbc1 Rd4 54. Rc3 Kd5 55.
Re3 Rd3 56. Rxd3+ cxd3 57. Rd1 Ke4 58. Kh4 Rc2 59. Kg5 Rc7 60. Re1+ Kf3 61. Rf1+ Ke2 62. Rh1 d2 63. Kg6 d1=Q 64. Rxd1 Kxd1 65. g5 Ke2 66. f6 gxf6 67. gxf6 Kf3 68. f7 Rc8 69. h6 Kg4 70. h7 Kh4 71. Kg7 Kg5 72. h8=Q Rxh8 73.
Kxh8 Kg6 74. Kg8 Kh6 75. f8=Q+ Kh5 76. Qg7 1-0

[Event "Early-Titled-Tuesday-Blitz-June-18-2024"]
[Site "Chess.com"]
[Date "2024.06.18"]
[Round "7"]
[White "KNVB"]
[Black "snowlord"]
[Result "1-0"]
[WhiteElo "2837"]
[BlackElo "2957"]
[TimeControl "180+1"]
[EndTime "9:21:48 PDT"]
[Termination "KNVB won by resignation"]

1. d4 Nf6 2. Bf4 Nc6 3. e3 d6 4. h3 e5 5. dxe5 Nxe5 6. Bxe5 dxe5 7. Qxd8+ Kxd8 8. Bc4 Ke8 9. Nf3 Bd6 10. Nc3 a6 11. O-O-O Ke7 12. Nd5+ Nxd5 13. Bxd5 f6 14. g4 Rb8 15. Rdg1 c6 16. Be4 Be6 17. a3 Rbg8 18.
Nd2 g6 19. Bd3 Bd7 20. h4 f5 21. f3 b5 22. h5 Kf6 23. g5+ Ke7 24. e4 f4 25. b4 a5 26. c3 Be6 27. Kb2 Kd7 28.
Bb1 a4 29. Ba2 Be7 30. Bxe6+ Kxe6 31. Kc2 Rg7 32. h6 Rgg8 33. c4 Rd8 34. Nb1 Rd4 35.
cxb5 cxb5 36. Nc3 Rc8 37. Rd1 Bxg5 38. Kb2 Rxd1 39. Rxd1 Bxh6 40. Rh1 Bg5 41. Rxh7 Rd8 42. Kc2 Rc8 43. Kd3 Rd8+ 44. Ke2 Bf6 45. Nxb5 Rc8 46. Kd2 Rd8+ 47. Ke2 g5 48. Nc7+ Kd6 49. Nd5 Bh8 50. Rh6+ Kd7 51. Rg6 Rb8 52. Rxg5 Kc6 53. Rg6+ Kb7 54.
Rh6 Ka7 55. Kd3 Rg8 56. Rh7+ Ka6 57. Nc7+ Kb6 58. Nd5+ Ka6 59. Kc4 Rc8+ 60. Rc7 Rb8 61. Kc5 Rb5+ 62. Kc6 Rb8 63. Rd7 Rc8+ 64. Nc7+ Ka7 65.
b5 Bf6 66. b6+ Kb8 67. Rd5 Bd8 68. Rd7 Bf6 69. Kd6 Kb7 70. Ke6 Kxb6 71. Nd5+ Kc5 72. Nxf6 Rb8 73. Kxe5 Rb3 74. Kxf4 Rxa3 75. Ra7 Ra1 76.
Nd5 a3 77. Ke5 a2 78. Nc3 Kc4 79. Nxa2 Rf1 80. f4 Kb5 81. f5 Kb6 82. Rd7 1-0

[Event "Early-Titled-Tuesday-Blitz-June-18-2024"]
[Site "Chess.com"]
[Date "2024.06.18"]
[Round "7"]
[White "Lupul_Cenusiu"]
[Black "Larina_Maria"]
[Result "1-0"]
[WhiteElo "2720"]
[BlackElo "2367"]
[TimeControl "180+1"]
[EndTime "9:21:48 PDT"]
[Termination "Lupul_Cenusiu won by resignation"]

1. e4 c6 2. d4 d5 3. exd5 cxd5 4. Bd3 Nc6 5. c3 e5 6. dxe5 Nxe5 7. Bb5+ Nc6 8. Nf3 Bd6 9. Qxd5 Ne7 10. Qd1 O-O 11. O-O a6 12. Be2 Qc7 13. Nbd2 Bf5 14. Nc4 Bc5 15. Be3 Rad8 16. Qc1 Bxe3 17. Nxe3 Be4 18.
Nd2 Bg6 19. b3 b5 20. Qb2 Ne5 21. Nf3 Nd3 22. Bxd3 Rxd3 23. c4 bxc4 24. bxc4 Rb8 25. Qe5 Rc8 26. Qxc7 Rxc7 27. Ne5 Rd2 28. Rfd1 Rxd1+ 29.
Rxd1 h6 30. Nxg6 Nxg6 31. Rd6 Ne5 32. Rxa6 Nxc4 33. Nxc4 Rxc4 34. g3 Rc1+ 35. Kg2 Ra1 36. a4 Kh7 37. a5 g6 38. h4 Kg7 39. Kf3 h5 40. Ra7 Ra4 41. a6 Ra3+ 42. Ke2 Ra5 43. Ra8 Ra2+ 44. Kf3 Ra4 45. Kg2 Ra3 46. a7 Ra2 47.
Kf3 Ra3+ 48. Ke4 Ra4+ 49. Kd5 Ra5+ 50. Kc6 Ra2 51. f3 Ra3 52. g4 hxg4 53. fxg4 Ra1 54.
h5 Rc1+ 55. Kd5 Rd1+ 56. Ke5 Ra1 57. h6+ Kh7 58. Kf6 Rf1+ 59. Ke7 Ra1 60. Kxf7 Rf1+ 61.
Ke6 Re1+ 62. Kf6 Rf1+ 63. Kg5 Ra1 64. Kf4 Ra4+ 65. Ke5 Ra6 66. g5 Ra5+ 67. Kd6 Ra6+ 68. Kc7 Ra1 69. Kd7 Rc1 70. Ke6 Re1+ 71. Kd5 Rd1+ 72.
Ke4 Ra1 73. Kd5 Ra4 74. Re8 Ra5+ 75. Kd6 Rxa7 76. Re7+ Rxe7 77. Kxe7 Kg8 78. Kf6 Kh7 79. Kf7 Kh8 80. Kxg6 Kg8 81. Kf6 Kf8 82. h7 1-0

[Event "Early-Titled-Tuesday-Blitz-June-18-2024"]
[Site "Chess.com"]
[Date "2024.06.18"]
[Round "7"]
[White "superchess02"]
[Black "FairChess_on_YouTube"]
[Result "1-0"]
[WhiteElo "2903"]
[BlackElo "3105"]
[TimeControl "180+1"]
[EndTime "9:21:51 PDT"]
[Termination "superchess02 won on time"]

1. b3 Nf6 2. Bb2 g6 3. Bxf6 exf6 4. c4 d5 5. cxd5 Qxd5 6. Nc3 Qa5 7. Nf3 f5 8. e3 Bg7 9. Qc2 O-O 10. Be2 f4 11. O-O Nc6 12. d4 Re8 13. Bc4 fxe3 14. fxe3 Rxe3 15. Nd5 Rxf3 16. gxf3 Be6 17. b4 Qa3 18. Rad1 Nxd4 19. Qe4 Nf5 20. Nxc7 Bxc4 21. Nxa8 Bxf1 22. Rd8+ Bf8 23. Kxf1 Kg7 24. Qe5+ f6 25. Rd7+ Be7 26. Rxe7+ Nxe7 27. Qxe7+ Kh6 28. Qe2 Qxb4 29. Nc7 g5 30. Nd5 Qd4 31. Ne7 Qf4 32. Kg2 Kg7 33. Nd5 Qd4 34. Qe7+ Kg6 35. Qe8+ Kg7 36.
Qe7+ Kg6 37. Qe4+ Qxe4 38. fxe4 h5 39. Kf3 Kf7 40. Ne3 Ke6 41. Nf5 Ke5 42. Ng7 g4+ 43. Ke3 h4 44. Nf5 g3 45. Nxh4 gxh2 46. Nf3+ Ke6 47. Nxh2 f5 48. Nf3 fxe4 49. Kxe4 Kd6 50.
Kd4 Kc6 51. Kc4 b5+ 52. Kb4 Kb6 53. Ne5 a5+ 54. Kb3 Kc5 55. Nd3+ Kd4 56. Nc1 Kc5 57. Kc3 b4+ 58. Kd3 a4 59. Ne2 Kd5 60. Nf4+ Kc5 61. Ne6+ Kd6 62. Nd4 Kd5 63. Nf3 Kc5 64. Nd2 Kd5 65.
Ne4 Ke5 66. Nc5 b3 67. a3 b2 68. Kc2 Kd4 69. Nxa4 b1=Q+ 70. Kxb1 Kc4 71. Kb2 Kb5 72.
Nc3+ 1-0

[Event "Early-Titled-Tuesday-Blitz-June-18-2024"]
[Site "Chess.com"]
[Date "2024.06.18"]
[Round "7"]
[White "xasid81"]
[Black "Chessmatenokk17"]
[Result "0-1"]
[WhiteElo "2625"]
[BlackElo "2798"]
[TimeControl "180+1"]
[EndTime "9:21:58 PDT"]
[Termination "Chessmatenokk17 won by resignation"]

1. c4 e6 2. g3 d5 3. Bg2 Nf6 4.
Nf3 c5 5. O-O Be7 6. cxd5 Nxd5 7. d4 O-O 8. Nc3 cxd4 9. Nxd5 Qxd5 10. Qxd4 Qh5 11. Bf4 Nc6 12. Qa4 e5 13. Be3 Bh3 14.
Bxh3 Qxh3 15. Rfd1 Rad8 16. Rxd8 Rxd8 17. Rd1 Qc8 18.
Rxd8+ Qxd8 19. Kg2 h6 20. Qb5 Qc7 21. Qd5 Qd6 22.
Qxd6 Bxd6 23. Nd2 f5 24. f3 Kf7 25. a3 b5 26. Kf1 a5 27. Ke1 Ke6 28. Bb6 a4 29. Kd1 h5 30. e4 g6 31. Kc2 Be7 32. Nb1 b4 33. Kd3 f4 34. axb4 Bxb4 35. gxf4 exf4 36.
Bc7 Ne5+ 37. Ke2 g5 38. h3 Nc4 39. h4 gxh4 40. Bxf4 Nxb2 41. Bc1 Nc4 42. f4 a3 43. f5+ Kf7 44. Nxa3 Bxa3 45. Bg5 Be7 46. Bf4 Bf6 47. Kf2 Ne5 48. Kg2 Ke7 49. Kh3 Ng4 50. Kg2 Kd7 51. Kh3 Ke8 52. e5 Bd8 53. f6 Kf7 54. Kxh4 Kg6 55. Kg3 Kf5 56. f7 Be7 57. e6 Kxe6 58.
Kh3 Kxf7 59. Bg3 Kg6 60. Kg2 Kf5 61. Kh3 Nf6 62. Bh4 Nd5 63. Bg3 Kg6 64. Kg2 Bg5 65. Kh3 Kf5 66. Kg2 Kg4 67. Be5 h4 68. Kh2 h3 69. Kh1 Bf4 70. Bd4 Ne7 71. Bg1 Nf5 72.
Bf2 Kf3 73. Be1 Bg3 74. Bb4 Bf2 75. Kh2 Kg4 76. Kh1 Ng3+ 77. Kh2 Nf1+ 78. Kh1 Ng3+ 79. Kh2 Ne4 80. Kh1 Be3 81. Be1 Bf4 82. Kg1 Nc5 83. Kh1 Nd3 84. Bc3 Nf2+ 0-1

[Event "Early-Titled-Tuesday-Blitz-June-18-2024"]
[Site "Chess.com"]
[Date "2024.06.18"]
[Round "7"]
[White "Gryffindorac8"]
[Black "GeorgiosSouleidis"]
[Result "0-1"]
[WhiteElo "2493"]
[BlackElo "2710"]
[TimeControl "180+1"]
[EndTime "9:22:00 PDT"]
[Termination "GeorgiosSouleidis won by resignation"]

1. d4 Nf6 2. c4 g6 3. Nc3 Bg7 4.
e4 d6 5. Nf3 O-O 6. h3 Nbd7 7.
Be3 c5 8. d5 b5 9. cxb5 a6 10.
bxa6 Qa5 11. Bd3 Bxa6 12. O-O Rfb8 13. Bxa6 Qxa6 14. Rb1 Nb6 15. Nd2 Nfd7 16. Qc2 Ne5 17. b3 Nd3 18. a4 Nb4 19. Qc1 Nd3 20. Qc2 Nb4 21. Qc1 Nd7 22. Nb5 Qb7 23. Nc4 Ne5 24.
Nxe5 Bxe5 25. f4 Bg7 26. Qc4 Na6 27. e5 Nc7 28. Nc3 Qc8 29. e6 fxe6 30. dxe6 Rb4 31. Qd3 Qxe6 32. Rfe1 Qf5 33. Qd2 Rab8 34. Ne2 Rxb3 35.
Rxb3 Rxb3 36. Ng3 Qf7 37. f5 Qd5 38. Qf2 Rb2 39. Re2 Qd1+ 40. Kh2 Rxe2 41. Nxe2 gxf5 42.
a5 Qd5 43. Nf4 Qe4 44. Qd2 Be5 45. Kg1 Bxf4 46. Bxf4 Nd5 47. Bg5 Nb4 48. Qf2 Qd4 49. Be3 Qe4 50. Qg3+ Kf7 51. Qg5 Ke6 52. Qh6+ Kd5 53.
Bg5 e6 54. Qxh7 Qe1+ 55. Kh2 Qe5+ 56. Kg1 Qa1+ 57. Kh2 Qxa5 58. Qb7+ Nc6 59. Qb3+ c4 60. Qf3+ Kc5 61. Be3+ Kb5 62. Qf4 Qb4 63. Qf2 d5 64. Bd4 Nxd4 65. Qxd4 c3 66. Qd3+ Qc4 67. Qc2 d4 68.
Qb1+ Qb4 69. Qd3+ Kc5 70. g4 Qc4 71. Qb1 c2 72. Qc1 d3 73. Qe3+ Qd4 74. Qc1 Qf2+ 75. Kh1 Qf3+ 76. Kh2 fxg4 77. hxg4 Qe2+ 78. Kh3 Qd1 79.
Qe3+ Kc4 80. Qe4+ Kc3 81. Qe5+ Kd2 82. Qf4+ Ke1 83. Qe3+ Qe2 84. Qc1+ Kf2 85. Qf4+ Qf3+ 0-1

[Event "Early-Titled-Tuesday-Blitz-June-18-2024"]
[Site "Chess.com"]
[Date "2024.06.18"]
[Round "7"]
[White "BestestBP"]
[Black "Kgli1m"]
[Result "1-0"]
[WhiteElo "2265"]
[BlackElo "2096"]
[TimeControl "180+1"]
[EndTime "9:22:03 PDT"]
[Termination "BestestBP won by checkmate"]

1. e4 c5 2. Nf3 Nc6 3. d4 cxd4 4. Nxd4 e5 5. Nb5 a6 6. Nd6+ Bxd6 7. Qxd6 Qf6 8. Qd1 Qg6 9. Nc3 Nf6 10. f3 O-O 11. Be3 d5 12. exd5 Nb4 13. Bd3 Nxd3+ 14. Qxd3 Bf5 15. Qd2 Bxc2 16. O-O Rad8 17. Rf2 Bf5 18.
Bg5 b5 19. Bxf6 Qxf6 20. Ne4 Qg6 21. Re1 Bxe4 22. fxe4 Rd6 23. Qc3 Rfd8 24. Qxe5 f6 25. Qf4 Qe8 26. e5 Rxd5 27. e6 Qe7 28. Rfe2 R5d6 29.
h3 Rc8 30. Qf5 h6 31. Re3 Rcc6 32. R3e2 b4 33. Re3 a5 34. a3 bxa3 35. bxa3 a4 36. R3e2 Rd3 37. Re3 Rxe3 38. Rxe3 Rc5 39. Qf3 Re5 40.
Qa8+ Kh7 41. Rxe5 fxe5 42. Qe4+ Kg8 43. Qxe5 Kf8 44. Qf5+ Ke8 45. Qg6+ Kd8 46. Qd3+ Ke8 47. Qe3 Qf6 48. Qe4 Ke7 49. Qb7+ Kxe6 50. Qc6+ Kf7 51. Qxa4 Qb6+ 52. Kh2 Qb7 53. Kh1 Qb1+ 54. Kh2 Qb8+ 55.
Kh1 Qb1+ 56. Kh2 Qg6 57. Qf4+ Kg8 58. Qg3 Qa6 59. Qb3+ Kh7 60. Qc2+ Kh8 61. Qc3 Qe6 62. Qg3 Qa2 63. Qf3 Kh7 64. Qe4+ Kh8 65. a4 Qa3 66. Qf4 Kh7 67. Qf5+ Kg8 68. a5 Qd6+ 69. Kg1 Qd1+ 70.
Kf2 Qd2+ 71. Kg3 Qc3+ 72. Kg4 Qc4+ 73. Kh5 Qe2+ 74. g4 Qg2 75. Kg6 Qc6+ 76. Kh5 Qg2 77. g5 Qe2+ 78. Kg6 hxg5 79. Qf7+ Kh8 80. Qf8# 1-0

[Event "Early-Titled-Tuesday-Blitz-June-18-2024"]
[Site "Chess.com"]
[Date "2024.06.18"]
[Round "7"]
[White "Feegus"]
[Black "ImportedItalianMaple"]
[Result "1/2-1/2"]
[WhiteElo "2682"]
[BlackElo "2528"]
[TimeControl "180+1"]
[EndTime "9:22:04 PDT"]
[Termination "Game drawn - insufficient material"]

1. e4 c5 2. d4 cxd4 3. Qxd4 Nc6 4. Qd3 a6 5. Nc3 e6 6. Qg3 b5 7. Bg5 Qa5 8. Bd2 b4 9. Nb1 Nd4 10. Bd3 Qc5 11. c3 Nc6 12. Nf3 Qd6 13. Be2 Qxg3 14. hxg3 Bb7 15. a3 a5 16. axb4 axb4 17. Rxa8+ Bxa8 18.
Rh5 Nf6 19. Rb5 Nxe4 20. Nd4 Nd6 21. Rb6 Nc8 22. Rb5 N8a7 23. Rh5 g6 24. Rh2 Bg7 25. Nxc6 Nxc6 26. cxb4 Bxb2 27. b5 Nd4 28. Bd3 O-O 29.
Nc3 Nb3 30. Ne4 Nxd2 31. Kxd2 f6 32. f3 Bd4 33. Rh1 d5 34. Nc3 Rc8 35. Na4 Bb7 36.
Rb1 Ra8 37. Rb4 Bf2 38. b6 Bxg3 39. Nc5 Bd6 40. Rb5 Bc6 41. b7 Rb8 42. Rb6 Bxc5 43. Rxc6 Bb4+ 44. Ke2 Rxb7 45. Rxe6 Kf7 46. Ra6 Re7+ 47. Kf2 Bc5+ 48. Kf1 h5 49. Rc6 Bd4 50. Bc2 Be5 51. Bb3 Rd7 52. Rc5 Ke6 53. Rc6+ Rd6 54. Rxd6+ Kxd6 55. Ke2 Kc5 56. Kd3 g5 57. Ba2 f5 58.
Bb3 g4 59. fxg4 fxg4 60. Bd1 Kd6 61. Be2 Ke6 62. Bd1 Kf5 63. Bb3 d4 64. Bd5 Kf4 65. Bc6 h4 66. Bd5 Bg7 67. Ke2 Kg3 68. Be4 h3 69.
gxh3 gxh3 70. Kf1 Kf4 71. Bg6 Kg3 72. Kg1 Bh6 73. Kh1 Be3 74. Bh7 Bf2 75. Bg6 Kf4 76. Bh7 Bg3 77. Bg6 Ke3 78. Bb1 Kf2 79.
Bh7 Kf1 80. Bg6 Ke1 81. Bh7 Ke2 82. Bg6 Kd2 83. Bh7 Ke3 84. Bg6 Kf4 85. Bh7 Kg5 86. Bc2 Kf6 87. Bd3 Ke5 88. Bh7 Bf4 89. Bg6 Kf6 90. Bh7 Kg7 91. Bd3 Kh6 92. Bc2 Kg5 93.
Bd3 Kh4 94. Bc2 Kg3 95. Bd3 Kf2 96. Bh7 Ke3 97. Bg6 Kf2 98. Bh7 Ke1 99. Bg6 d3 100. Bxd3 Kf2 101. Bf5 Kg3 102. Bxh3 1/2-1/2

[Event "Early-Titled-Tuesday-Blitz-June-18-2024"]
[Site "Chess.com"]
[Date "2024.06.18"]
[Round "7"]
[White "NigiriSushies"]
[Black "InitiatingASC"]
[Result "1-0"]
[WhiteElo "2316"]
[BlackElo "2421"]
[TimeControl "180+1"]
[EndTime "9:22:09 PDT"]
[Termination "NigiriSushies won by checkmate"]

1. Nf3 d5 2. b3 Bg4 3. Bb2 Bxf3 4. exf3 Nd7 5. c4 e6 6. Nc3 Ndf6 7. Be2 Bb4 8. O-O Ne7 9. a3 Bd6 10. d4 c6 11. c5 Bc7 12. b4 a6 13. a4 O-O 14.
b5 axb5 15. axb5 Bf4 16. b6 Nf5 17. g3 Bh6 18. Qd3 Qe7 19. Kg2 Nh5 20. Ra7 Qg5 21. Bc1 Qg6 22. Bxh6 Qxh6 23. Rfa1 Rab8 24. f4 Nh4+ 25.
Kh1 Ng6 26. Nd1 Nhxf4 27. gxf4 Nxf4 28. Qf3 Qf6 29. R1a4 Qg5 30. Ne3 f5 31. Bf1 h5 32.
Qg3 Qh6 33. Ng2 Nxg2 34. Qxg2 g5 35. h4 g4 36. f3 Kf7 37. Be2 Kf6 38. fxg4 hxg4 39. Qg3 Rh8 40. Qe5+ Kg6 41. Qxe6+ Kh5 42. Qxh6+ Kxh6 43. Kg2 f4 44. Bxg4 Rhg8 45. Kf3 Kg6 46. Ra1 Kf6 47. h5 Rge8 48. Rh1 Re3+ 49. Kf2 Rg8 50.
Bf3 Rg3 51. Bg2 Rd3 52. Rh4 Rd2+ 53. Kf1 Rdxg2 54. Rxf4+ Kg5 55. Rf2 Rg1+ 56. Ke2 Rb3 57. Rxb7 Rb2+ 58. Kf3 Rb3+ 59. Ke2 Rb2+ 60. Ke3 Rg3+ 61.
Rf3 Rb3+ 62. Kf2 Rbxf3+ 63. Ke2 Kf4 64. Rf7+ Ke4 65. Re7+ Kxd4 66. b7 Rb3 67. h6 Rh3 68. h7 Kxc5 69. Kf2 d4 70. Ke2 d3+ 71. Kd2 Rb2+ 72.
Kd1 Rb1+ 73. Kd2 Rb2+ 74. Kd1 Rh1+ 75. Re1 Rb1+ 76. Kd2 Rhxe1 77. h8=Q Rbd1+ 78. Kc3 Rc1+ 79. Kxd3 Red1+ 80. Ke2 Re1+ 81. Kd2 Rcd1+ 82. Kc2 Rc1+ 83. Kb2 Rb1+ 84. Ka2 Rxb7 85. Qc3+ Kb6 86. Qxe1 Ra7+ 87. Kb3 Ra5 88. Qe7 Rb5+ 89. Kc4 Rd5 90. Kb4 Rd4+ 91.
Kc3 Rd5 92. Qf8 Rc5+ 93. Kb4 Rb5+ 94. Kc4 Rd5 95. Qb8+ Ka6 96. Qc7 Rb5 97. Qxc6+ Rb6 98. Qa8# 1-0

[Event "Early-Titled-Tuesday-Blitz-June-18-2024"]
[Site "Chess.com"]
[Date "2024.06.18"]
[Round "7"]
[White "dennisodessa"]
[Black "Abund"]
[Result "1-0"]
[WhiteElo "2612"]
[BlackElo "2710"]
[TimeControl "180+1"]
[EndTime "9:22:12 PDT"]
[Termination "dennisodessa won by checkmate"]

1. d4 d5 2. c4 c6 3. Nf3 Nf6 4. Nbd2 g6 5. e3 Bg7 6. Bd3 O-O 7. O-O b6 8. Qe2 a5 9. b3 Na6 10. a3 Bb7 11. Bb2 e6 12. Rac1 Qe7 13. Ne5 Rfc8 14. Rc2 Nd7 15. Nxd7 Qxd7 16. cxd5 exd5 17. Rfc1 Nc7 18. Nf3 Qd6 19. Ne5 Ne6 20. Qf3 Rc7 21. Ng4 Kh8 22. Qg3 Qe7 23. h4 h5 24. Ne5 Nf8 25.
Nxc6 Bxc6 26. Rxc6 Rxc6 27. Rxc6 Qb7 28. Qc7 Qxc7 29.
Rxc7 Kg8 30. Rb7 Ne6 31. Rxb6 Bf6 32. Rb5 Nc7 33. Rc5 Ra7 34. g3 Rb7 35. Bc2 Ra7 36. Bc3 a4 37. bxa4 Be7 38. Rc6 Ne6 39. a5 Bxa3 40.
Bd3 Kf8 41. a6 Ke7 42. Ba5 Kd7 43. Rc2 Bd6 44. Bb5+ Ke7 45. Bb6 Ra8 46. a7 Nd8 47.
Ba6 Kd7 48. Bb5+ Ke7 49. Kg2 Ke6 50. f3 f6 51. e4 dxe4 52. fxe4 Ke7 53. Bc4 Bc7 54.
Bxc7 Rxa7 55. Bxd8+ Kxd8 56. Bd5 Ra4 57. Rd2 Ke7 58. Kf3 Ra3+ 59. Kf4 Kd6 60. Rb2 Rd3 61. Rb6+ Ke7 62. Re6+ Kf7 63. Rb6+ Ke7 64. Rb7+ Ke8 65. Rf7 f5 66. Rf6 Rxd4 67. Ke5 Rd2 68. Rxg6 fxe4 69.
Bxe4 Kf7 70. Rg5 Ra2 71. Bd5+ Ke7 72. Rxh5 Re2+ 73. Be4 Re3 74. Rh7+ Kf8 75. Kf4 Ra3 76. Rb7 Ra4 77. h5 Ra6 78. Rb5 Kg7 79. Rg5+ Kh8 80. Rg6 Ra7 81. Rb6 Kg7 82. h6+ Kh8 83. Rb8# 1-0

[Event "Early-Titled-Tuesday-Blitz-June-18-2024"]
[Site "Chess.com"]
[Date "2024.06.18"]
[Round "7"]
[White "masterofpuppets2"]
[Black "Journey_to_GrandMaster_YT"]
[Result "0-1"]
[WhiteElo "2480"]
[BlackElo "2637"]
[TimeControl "180+1"]
[EndTime "9:22:14 PDT"]
[Termination "Journey_to_GrandMaster_YT won by checkmate"]

1. d4 d6 2. c4 e5 3. d5 f5 4. e4 fxe4 5. Nc3 Nf6 6. Nge2 Bf5 7. Ng3 Bg6 8. Bg5 Be7 9. h4 h6 10. Bxf6 gxf6 11. Qg4 Rg8 12. Ncxe4 Qd7 13. Qxd7+ Nxd7 14. Bd3 f5 15. Nc3 e4 16. Bc2 Ne5 17. b3 Bf6 18. Kd2 Ng4 19. Raf1 O-O-O 20. Nd1 Rde8 21. Re1 Be5 22. Ne2 h5 23. f3 e3+ 24. Kc1 Nf6 25. Nxe3 f4 26. Nf5 Bxf5 27. Bxf5+ Kb8 28. Rhg1 Rg7 29.
Kd2 Rge7 30. Rgf1 Nd7 31. Kc2 Nc5 32. Nc1 Rg7 33. Bh3 Reg8 34. Re2 a5 35. a3 b6 36. b4 axb4 37. axb4 Na6 38. Nd3 Bd4 39. Nxf4 Nxb4+ 40. Kb3 Na6 41. Ne6 Nc5+ 42. Kc2 Nxe6 43. dxe6 Re7 44. Kd3 Bf6 45. Re4 c6 46. Rb1 Kc7 47.
g4 hxg4 48. Rxg4 Rh8 49. Rbg1 Bxh4 50. Rg7 d5 51. cxd5 cxd5 52. Bf5 Kd6 53. Rxe7 Bxe7 54.
f4 Rh5 55. Bg4 Rh4 56. f5 Bf6 57. Rg2 b5 58. Bf3 Rd4+ 59. Ke3 Ra4 60. Rh2 Ra3+ 61. Kf2 Ra2+ 62. Be2 Ke5 63. Rh5 b4 64. Kf3 b3 65.
Rh7 b2 66. Rb7 Kd6 67. Bd3 Bd4 68. Ke2 Ra8 69. e7 Re8 70. Kd2 Rxe7 71. Rb8 Ke5 72. Rb4 Rc7 73. Rb3 Kf4 74. Bc2 Ke5 75. Rd3 Rh7 76. Rb3 Rh2+ 77. Kd3 Rh3+ 78. Kd2 Rxb3 79. f6 Rf3 80. f7 Rxf7 81. Bd3 Rf2+ 82. Ke1 Rh2 83.
Kf1 Rh1+ 84. Ke2 b1=Q 85. Kf3 Qd1+ 86. Be2 Qxe2+ 87. Kxe2 Ke4 88. Kd2 Be5 89. Kc2 Rh3 90. Kb1 d4 91. Kc2 d3+ 92. Kb3 d2+ 93. Kc4 d1=Q 94.
Kb5 Rc3 95. Ka6 Qb1 96. Ka7 Ra3# 0-1

[Event "Early-Titled-Tuesday-Blitz-June-18-2024"]
[Site "Chess.com"]
[Date "2024.06.18"]
[Round "7"]
[White "FerAsensio2024"]
[Black "unbreakablepawn35"]
[Result "1/2-1/2"]
[WhiteElo "2522"]
[BlackElo "2400"]
[TimeControl "180+1"]
[EndTime "9:22:14 PDT"]
[Termination "Game drawn by stalemate"]

1. d4 Nf6 2. Nc3 d5 3. Bf4 g6 4. e3 Bg7 5. h4 h5 6. Nf3 O-O 7.
Ne5 c5 8. f3 Nc6 9. Bb5 cxd4 10. exd4 Bd7 11. Qd2 a6 12. Bxc6 Bxc6 13. O-O Nd7 14.
Rfe1 e6 15. g3 Nxe5 16. Bxe5 f6 17. Bf4 Re8 18. Re2 e5 19. Be3 Qd7 20. Kh2 Rac8 21.
Rae1 e4 22. fxe4 dxe4 23. d5 Bb5 24. Nxb5 Qxb5 25. b3 f5 26. c4 Qd7 27. Bd4 b5 28.
Bxg7 Qxg7 29. Rc1 Qe5 30. c5 e3 31. Qd3 Red8 32. Qxe3 Qxe3 33. Rxe3 Rxd5 34. b4 Kf7 35. Rc2 Rc7 36. Kg2 Rd4 37. a3 Kf6 38. Rce2 Kf7 39. Kf3 Rc4 40. Rd2 a5 41. bxa5 Ra4 42. Rd6 Rxa5 43.
Ree6 Rxa3+ 44. Kf4 Ra4+ 45. Kf3 Ra3+ 46. Kf4 Rxc5 47.
Rf6+ Ke7 48. Rde6+ Kd7 49. Rd6+ Kc7 50. Rde6 Ra4+ 51.
Kf3 Rc3+ 52. Ke2 Ra2+ 53. Kd1 Rd3+ 54. Kc1 Rxg3 55. Re7+ Kd8 56. Re1 Rc3+ 57. Kb1 Ra7 58. Rxg6 Rd7 59. Rf1 Rc5 60. Rg5 Rf7 61. Rxh5 Kd7 62.
Rg5 Rc3 63. h5 Rh3 64. Rgxf5 Rxf5 65. Rxf5 Kc6 66. Kc2 Kb6 67. Kb2 Ka5 68. Rg5 Ka4 69. Rg4+ b4 70. Rg2 Rxh5 71. Rf2 Rc5 72. Rg2 Rc3 73.
Rf2 Rb3+ 74. Ka2 Ra3+ 75. Kb2 Rd3 76. Rg2 Kb5 77. Rg5+ Kc4 78. Rg4+ Kc5 79. Rg5+ Kb6 80. Kc2 Rc3+ 81. Kb2 Rc5 82. Rxc5 Kxc5 83. Kb3 Kb5 84. Kb2 Kc4 85. Kc2 Kc5 86. Kb3 Kb5 87. Kb2 Ka4 88. Ka2 Kb5 89. Kb3 Kc5 90. Kb2 Kc4 91.
Kc2 b3+ 92. Kb2 Kb4 93. Kb1 Ka3 94. Ka1 Ka4 95. Kb2 Kb4 96. Kb1 Kc3 97. Kc1 b2+ 98.
Kb1 Kb3 1/2-1/2